 Dungeon Crawl Stone Soup version 0.31.0-32-g396128a36d (webtiles) character file.

Game seed: 7922374095405020116

109 Silvore the Covered (level 4, -6/41 HPs)
             Began as a Minotaur Fighter on Apr 16, 2024.
             Was an Initiate of Elyvilon.
             Mangled by Edmund
             ... wielding a +4 heavy flail
              (16 damage)
             ... on level 4 of the Dungeon on Apr 17, 2024.
             The game lasted 00:03:51 (2707 turns).

Silvore the Covered (Minotaur Fighter)              Turns: 2707, Time: 00:03:51

Health: -6/41      AC:  8    Str: 22    XL:     4   Next: 59%
Magic:  3/3        EV:  9    Int:  5    God:    Elyvilon [......]
Gold:   204        SH:  4    Dex: 10    Spells: 3/3 levels left

rFire   + . .        a - +0 flail
rCold   + . .        c - +0 buckler
rNeg    + . .        b - +0 scale mail
rPois   .            (helmet restricted)
rElec   .            q - scarf {rC+ rF+}
rCorr   .            k - +0 pair of gloves
SInv    .            (no boots)
Will    .....        (no amulet) Stlth
                     e - ring of positive energy
HPRegen 0.26/turn    (no ring)
MPRegen 0.08/turn

%: no passive effects
@: mighty
A: horns 2, retaliatory headbutt
a: Renounce Religion


You were on level 4 of the Dungeon.
You worshipped Elyvilon.
Elyvilon was noncommittal.
You visited 1 branch of the dungeon, and saw 4 of its levels.

You collected 204 gold pieces.

Inventory:

Hand Weapons
 a - a +0 flail (weapon)
Armour
 b - a +0 scale mail (worn)
 c - a +0 buckler (worn)
 k - a +0 pair of gloves (worn)
 q - a scarf of resistance (worn)
Jewellery
 e - a ring of positive energy (left hand)
Scrolls
 n - a scroll of teleportation {unknown}
 p - 2 scrolls of silence
 r - a scroll of identify
Potions
 d - a potion of might
 f - 2 potions of ambrosia {unknown}
 g - 2 potions of brilliance {unknown}
 h - 2 potions of lignification {unknown}
 i - 3 potions of haste
 j - 5 potions of curing
 l - a potion of cancellation {unknown}
 m - 3 potions of attraction
 o - a potion of mutation {unknown}


   Skills:
 + Level 4.3 Fighting
 + Level 3.7 Maces & Flails
 + Level 5.0 Armour
 + Level 0.2 Dodging
 + Level 4.0 Shields


You had 3 spell levels left.
You didn't know any spells.
Your spell library contained the following spells:

 Spells                   Type           Power      Damage    Failure   Level
 Freeze                   Ice            0%         1d3       85%         1
 Frozen Ramparts          Ice            0%         1d1       99%         3
 Hailstorm                Conj/Ice       0%         3d5       99%         3
 Tukima's Dance           Hex            0%         N/A       99%         3
 Dimensional Bullseye     Hex/Tloc       0%         N/A       100%        4
 Iskenderun's Mystic Bla  Conj/Tloc      0%         2d3       100%        4
 Iskenderun's Battlesphe  Conj           0%         2d6       100%        5
 Bombard                  Conj/Erth      0%         9d1       100%        6
 Spellforged Servitor     Conj/Summ      0%         N/A       100%        7


Dungeon Overview and Level Annotations

Branches:
Dungeon (4/15)
 Temple: D:4-7

Altars:
Elyvilon
Gozag
Ru

Shops:
D:3 *

Annotations:
D:4 Edmund


Innate Abilities, Weirdness & Mutations

You have a pair of horns on your head.
You reflexively headbutt those who attack you in melee.


Message History

No target in view!
Edmund the Younger comes into view.
He is wielding a +4 heavy flail.
Edmund is nearby!
Edmund is nearby!
Edmund hits you with a +4 heavy flail!
You sock Edmund!
Edmund is moderately wounded.
Edmund hits you with a +4 heavy flail.
You closely miss Edmund.
Edmund is moderately wounded.
Edmund hits you with a +4 heavy flail!
You are too injured to fight recklessly!
You are too injured to fight recklessly!
You are too injured to fight recklessly!
You are too injured to fight recklessly!
You are too injured to fight recklessly!
You are too injured to fight recklessly!
You are too injured to fight recklessly!
You are too injured to fight recklessly!
You are too injured to fight recklessly!
You are too injured to fight recklessly!
You are too injured to fight recklessly!
You are too injured to fight recklessly!
You are too injured to fight recklessly!
You are too injured to fight recklessly!
You are too injured to fight recklessly!
You are too injured to fight recklessly!
You feel very mighty all of a sudden.
You thump Edmund!
Edmund is severely wounded.
Edmund hits you with a +4 heavy flail!
* * * LOW HITPOINT WARNING * * *
You sock Edmund!
Edmund is almost dead.
You block Edmund's attack.
You closely miss Edmund. Your headbutt misses Edmund.
Edmund is almost dead.
Edmund hits you with a +4 heavy flail!
You die...
Edmund whines, "They better pay attention to me now!"

####### .....#
######@.#### .......@...#
######..#.####.#
.............#
#######.##########
#.#........# ####...####
#.# #######.........# #.#
#.......#.....#.###.###
#.#####...............###


You could see Edmund.

Vanquished Creatures
  5 adders
  A dart slug (D:2)
  2 ribbon worms (D:2)
  8 orcs
  4 endoplasms
  A giant cockroach (D:1)
  3 goblins
  4 hobgoblins
  3 jackals (D:2)
  2 quokkas
  6 ball pythons
  3 bats
  2 frilled lizards
  2 kobolds
  3 rats (D:1)
49 creatures vanquished.

Notes
Turn   | Place    | Note
-------+----------+-------------------------------------------
     0 | D:1      | Silvore the Minotaur Fighter began the quest for the Orb.
     0 | D:1      | Reached XP level 1. HP: 19/19 MP: 0/0
    77 | D:1      | Reached skill level 4 in Armour
   126 | D:1      | Reached XP level 2. HP: 24/27 MP: 1/1
   249 | D:1      | You fall into a shaft and drop 1 floor!
   360 | D:2      | Reached XP level 3. HP: 23/33 MP: 2/2
  1281 | D:2      | Found an opulent altar of Gozag.
  1831 | D:3      | Found a sacrificial altar of Ru.
  1836 | D:3      | Reached XP level 4. HP: 39/41 MP: 3/3
  2209 | D:3      | Found Eteofed's Assorted Antiques.
  2275 | D:3      | Found a faded altar of an unknown god.
  2545 | D:4      | Found a white marble altar of Elyvilon.
  2552 | D:4      | Reached skill level 5 in Armour
  2561 | D:4      | Became a worshipper of Elyvilon the Healer
  2698 | D:4      | Noticed Edmund
  2707 | D:4      | Mangled by Edmund

Illustrated notes

Levels and vault maps discovered:
D:1:      dpeg_arrival_renting, layout_basic, minmay_pentomino_x4
D:2:      layout_rooms, basic_altar
D:3:      layout_basic, mainiacjoe_overflow_brackets, serial_glass,
          glass_columns_a, glass_columns_a, serial_shops, shop,
          dreamdust_ecumenical_altar_grove
D:4:      layout_loops_corners, mainiacjoe_overflow_24_doors, elyvilon_altar_5,
          chequers_temple_overflow_minitemple, uniq_edmund

Skill      XL: |  1  2  3  4 |
---------------+-------------+-----
Armour         | 4 5 |  5.0
Fighting       | 4 |  4.3
Maces & Flails | 3 |  3.7
Shields        | 4 |  4.0
Dodging        | |  0.2

Action                     |  1- 3 |  4- 6 || total
---------------------------+-------+-------++-------
  Melee: Flail             |    89 |    35 ||   124
         Headbutt          |    15 |     3 ||    18
    Use: Scroll            |     2 |     5 ||     7
         Potion            |       |     1 ||     1
 Armour: Scale mail        |    55 |    20 ||    75
  Dodge: Dodged            |    44 |    17 ||    61
  Block: Buckler           |    18 |     5 ||    23
